 Dungeon Crawl Stone Soup version 0.29.1-2-gbd0b4ee654 (webtiles) character file.

Game seed: 218067647440352159

277 wingedge the Shooter (level 5, -3/45 HPs)
             Began as a Demigod Hunter on Nov 21, 2022.
             Slain by Terence
             ... wielding a +0 flail
              (9 damage)
             ... on level 2 of the Dungeon.
             The game lasted 00:06:37 (2087 turns).

wingedge the Shooter (Demigod Hunter)               Turns: 2087, Time: 00:06:38

Health: -3/45      AC:  6    Str: 12    XL:     5   Next: 74%
Magic:  7/7        EV: 11    Int: 11    God:
Gold:   52         SH:  0    Dex: 21    Spells: 4/4 levels left

rFire   + . .      SeeInvis .   b - +1 rapier (speed)
rCold   . . .      Faith    .   (no shield)
rNeg    . . .      Spirit   .   l - +0 ring mail
rPois   .          Reflect  .   n - +0 helmet
rElec   .          Harm     .   (no cloak)
rCorr   .          Rampage  .   (no gloves)
Will    .....                   (no boots)
Stlth   ++........              (no amulet)
HPRegen 0.15/turn               r - ring of protection from fire
MPRegen 0.10/turn               f - ring of flight

@: flying
A: high MP 1, forlorn, divine attributes
a: no special abilities


You were on level 2 of the Dungeon.
You visited 1 branch of the dungeon, and saw 3 of its levels.

You collected 52 gold pieces.

Inventory:

Hand Weapons
 a - a +0 shortbow
 b - a +1 rapier of speed (weapon)
 v - a +2 dagger of venom
Armour
 c - a +0 leather armour
 l - a +0 ring mail (worn)
 n - a +0 helmet (worn)
Jewellery
 f - a ring of flight (right hand)
 r - a ring of protection from fire (left hand)
Scrolls
 d - 3 scrolls of identify {unknown}
 g - a scroll of teleportation {unknown}
 j - a scroll of immolation
 k - 2 scrolls of blinking {unknown}
 m - a scroll of amnesia {unknown}
 o - a scroll of butterflies {unknown}
 s - a scroll of fear {unknown}
 u - a scroll of torment {unknown}
 x - a scroll of magic mapping {unknown}
 y - a scroll of vulnerability {unknown}
Potions
 e - 2 potions of curing {unknown}
 h - a potion of ambrosia {unknown}
 i - 2 potions of mutation {unknown}
 p - a potion of haste {unknown}
 q - 2 potions of attraction {unknown}
 t - a potion of heal wounds {unknown}
 w - 3 potions of magic {unknown}
 z - a potion of might {unknown}


   Skills:
 - Level 3.0 Fighting
 - Level 4.0 Short Blades
 - Level 4.1 Ranged Weapons
 + Level 2.2 Dodging
 + Level 1.3 Stealth


You had 4 spell levels left.
You didn't know any spells.
Your spell library contained the following spells:

 Spells                   Type           Power      Damage    Failure   Level
 Magic Dart               Conj           0%         1d3       63%         1
 Searing Ray              Conj           0%         2d4       77%         2
 Static Discharge         Conj/Air       0%         3-3/arc   77%         2
 Frozen Ramparts          Ice            0%         1d1       94%         3
 Portal Projectile        Hex/Tloc       0%         N/A       94%         3
 Tukima's Dance           Hex            0%         N/A       94%         3
 Dispel Undead            Necr           0%         3d6       100%        4
 Fulminant Prism          Conj/Hex       0%         3d6       100%        4
 Ice Form                 Ice/Tmut       0%         N/A       100%        4
 Sticky Flame             Conj/Fire      0%         2d3       100%        4
 Summon Ice Beast         Ice/Summ       0%         N/A       100%        4
 Blade Hands              Tmut           0%         N/A       100%        5


Dungeon Overview and Level Annotations

Branches:
Dungeon (3/15)

Annotations:
D:2 Terence


Innate Abilities, Weirdness & Mutations

You have an increased reservoir of magic. (+10% MP)
You shall have no god before yourself.
Your divine heritage dramatically boosts your attributes as you level up.


Message History

You hit Terence but do no damage.
Terence is poisoned.
The orc closely misses you. Terence barely misses you.
You hit Terence but do no damage. The orc hits you but does no damage.
Terence closely misses you.
You hit Terence but do no damage.
Terence looks as sick as possible!
The orc hits you but does no damage. Terence closely misses you.
You closely miss the orc. The orc misses you. Terence hits you with a +0 flail!
You hit Terence but do no damage.
Terence looks as sick as possible!
You punch Terence, but do no damage.
Terence is moderately wounded.
You hit the orc.
The orc is severely wounded.
The orc hits you with a +0 whip.
Terence shouts, "Get ready for death!"
Terence hits you with a +0 flail!
You barely miss Terence.
Terence is heavily wounded.
The orc barely misses you. Terence hits you with a +0 flail.
Your +2 dagger of venom stops dripping with poison.
Your hands tingle!
b - a +1 rapier of speed (weapon)
The orc hits you but does no damage. Terence hits you with a +0 flail!
* * * LOW HITPOINT WARNING * * *
You barely miss Terence.
Terence is heavily wounded.
You hit Terence but do no damage.
Terence is severely wounded.
The orc hits you with a +0 whip.
* * * LOW HITPOINT WARNING * * *
Terence barely misses you.
You hit Terence.
Terence is severely wounded.
The orc hits you but does no damage. Terence closely misses you.
You hit Terence but do no damage.
Terence is almost dead.
Okay, then.
You barely miss Terence.
Terence is almost dead.
The orc closely misses you. Terence hits you with a +0 flail!
You die...

#.##....#.#..# #...~~≈~~~≈≈≈~..
#.##......##.# #...~~≈≈..~≈~≈~.
#.##.........# #...~≈≈~._.≈)~..
#.##......#..## #..~.~≈~~♣♣~~~..
#.##..#.#.....###..~.~≈≈~~~~~≈≈~
#....##.#.......#....~≈~≈≈≈≈≈~~.
##....#.###...#......~~≈≈≈~≈≈~..
##.#.#.# ##...@o.....≈~..~...~.
###..#...####...@.....~..~..~.~..
.##.####.#....###....)..##.######
...........#### ##.........#
....##.##..## ###......####
#..#....#...## #........#
#.......##...###......#.#
#..#.............[..#.###
..##....#####.........#
####....### ##(#....#.#


You could see Terence (very poisoned) and an orc.

Vanquished Creatures
  Sigmund (D:2)
  4 gnolls (D:2)
  2 adders (D:2)
  A worm (D:2)
  8 bats
  3 endoplasms
  7 giant cockroaches
  5 goblins
  5 hobgoblins
  4 jackals (D:1)
  3 ball pythons
  4 frilled lizards
  3 kobolds
  9 rats
59 creatures vanquished.

Notes
Turn   | Place    | Note
-------+----------+-------------------------------------------
     0 | D:1      | wingedge the Demigod Hunter began the quest for the Orb.
     0 | D:1      | Reached XP level 1. HP: 17/17 MP: 3/3
   220 | D:1      | Reached XP level 2. HP: 22/24 MP: 4/4
   374 | D:1      | Reached skill level 1 in Stealth
   627 | D:1      | Reached skill level 1 in Short Blades
   700 | D:1      | Reached XP level 3. HP: 25/29 MP: 5/5
  1465 | D:2      | Noticed Sigmund
  1487 | D:2      | Killed Sigmund
  1488 | D:2      | Reached XP level 4. HP: 19/37 MP: 6/6
  1488 | D:2      | Reached XP level 5. HP: 23/44 MP: 7/7
  2063 | D:3      | Noticed Terence
  2087 | D:2      | Slain by Terence

Illustrated notes

Levels and vault maps discovered:
D:1:      dpeg_arrival_rooms_a, layout_loops_ring, hangedman_glass_garden,
          chequers_serial_rivers_room_b, grunt_decor_mini_mirrors
D:2:      layout_rooms, chequers_ecumenical_altar_island, uniq_sigmund
D:3:      layout_basic, dreamdust_wishing_well, grunt_ministairs_5,
          serial_bayou_pond_e, serial_bayou_pond_d, uniq_terence

Skill      XL: |  1  2  3  4  5 |
---------------+----------------+-----
Ranged Weapons | 4 |  4.1
Stealth        | 1 |  1.3
Fighting       | 2 3 |  3.0
Dodging        | 2 |  2.2
Short Blades   | 1 4 |  4.0

Action                   |  1- 3 |  4- 6 || total
-------------------------+-------+-------++-------
Melee: Rapier            |    57 |    10 ||    67
       Dagger            |     4 |     9 ||    13
       Punch             |       |     1 ||     1
 Fire: Shortbow          |    75 |    35 ||   110
Throw: Throwing net      |     1 |       ||     1
 Stab: Sleeping          |     1 |       ||     1
Armor: Leather armour    |    15 |       ||    15
       Ring mail         |    11 |     6 ||    17
Dodge: Dodged            |    55 |    20 ||    75
